 Dungeon Crawl Stone Soup version 0.22.1-1-ga44c0e5 (webtiles) character file.

49 Starchild the Slasher (level 4, 0/35 HPs)
             Began as a Formicid Fighter on Oct 7, 2018.
             Was a Follower of Jiyva.
             Slain by an adder (3 damage)
             ... on level 3 of the Dungeon.
             The game lasted 00:05:36 (1499 turns).

Starchild the Slasher (Formicid Fighter)            Turns: 1499, Time: 00:05:38

Health: 0/35       AC: 10    Str: 21    XL:     4   Next: 1%
Magic:  4/4        EV:  9    Int:  7    God:    Jiyva [*.....]
Gold:   80         SH:  0    Dex: 11    Spells: 3/3 levels left

rFire    . . .     SeeInvis +   a - +0 long sword
rCold    . . .     Gourm    .   (no shield)
rNeg     . . .     Faith    .   b - +0 scale mail
rPois    .         Spirit   .   (helmet unavailable)
rElec    .         Reflect  .   (no cloak)
rCorr    .         Harm     .   t - +2 pair of gloves
MR       +....                  (no boots)
Stlth    ..........             h - amulet of regeneration
HPRegen  0.51/turn              o - ring of protection from magic
MPRegen  0.09/turn              (no ring)

@: lethally poisoned (0 -> -1)
A: permanent stasis, dig shafts and tunnels, four strong arms, antennae 3
a: Dig, Shaft Self, Request Jelly, Renounce Religion


You were on level 3 of the Dungeon.
You worshipped Jiyva.
Jiyva was aware of your devotion.
You were not hungry.

You visited 1 branch of the dungeon, and saw 3 of its levels.

You collected 95 gold pieces.
You paid 15 gold pieces to Gozag.

Inventory:

Hand Weapons
 a - a +0 long sword (weapon)
 e - a +0 hunting sling
Missiles
 g - 132 stones (quivered)
 w - 13 sling bullets
Armour
 b - a +0 scale mail (worn)
 c - a +0 shield
 t - a +2 pair of gloves (worn)
Jewellery
 h - an amulet of regeneration (around neck)
 m - an uncursed amulet of magic regeneration {unknown}
 o - a ring of protection from magic (left hand)
 s - an uncursed ring of protection from cold {unknown}
Scrolls
 i - a scroll of magic mapping {unknown}
 j - 2 scrolls of teleportation {unknown}
 k - a scroll of immolation {unknown}
 l - 2 scrolls of remove curse {unknown}
 n - a scroll of random uselessness {unknown}
 p - a scroll of enchant weapon {unknown}
 q - 2 scrolls of blinking {unknown}
 v - a scroll of identify {unknown}
 x - a scroll of noise {unknown}
 y - a scroll of amnesia {unknown}
Potions
 d - a potion of might
 u - a potion of curing {unknown}
Comestibles
 f - 5 rations


   Skills:
 - Level 3.2 Fighting
 * Level 4.0 Long Blades
 - Level 3.2 Armour
 - Level 3.6 Shields


You had 3 spell levels left.
You didn't know any spells.
Your spell library was empty.

Dungeon Overview and Level Annotations

Branches:
Dungeon (3/15)

Altars:
Fedhas
Gozag
Nemelex Xobeh
Jiyva


Innate Abilities, Weirdness & Mutations

You cannot be hasted, slowed, berserked, paralysed or teleported.
You can dig through walls and to a lower floor.
Your four strong arms can wield two-handed weapons with a shield.
You have a pair of large antennae on your head. (SInv)


Message History

You feel sick. The adder bites you.
You are more poisoned.
The adder poisons you! The adder bites you but does no damage.
You barely miss the adder.
The adder is almost dead.
You feel sick. The adder bites you. The adder barely misses you.
The adder bites you but does no damage.
You hit the adder but do no damage.
The adder is almost dead.
You feel sick. The adder barely misses you. The adder bites you.
You miss the adder.
The adder is almost dead.
You feel sick. The adder bites you.
* * * LOW HITPOINT WARNING * * *
The adder bites you.
* * * LOW HITPOINT WARNING * * *
It was a potion of haste.
Your stasis prevents you from being hasted.
You feel sick. The adder bites you.
You die...

.# .# { .# # ###
g# #.. ..##
####.##?....
#...g...S... #.
#S# #. #@# #. #.#
####### #.##.#
......#######....#
#####......##..###
######>##..#
#.##..########
#.##..........
#.##..#######.


You could see an adder (berserk) and a hobgoblin.

Vanquished Creatures
  2 adders
  A worm (D:2)
  3 goblins
  2 hobgoblins (D:1)
  8 kobolds
  3 bats
  3 frilled lizards
  8 rats
30 creatures vanquished.

Notes
Turn   | Place    | Note
-------+----------+-------------------------------------------
     0 | D:1      | Starchild the Formicid Fighter began the quest for the Orb.
     0 | D:1      | Reached XP level 1. HP: 18/18 MP: 1/1
   329 | D:1      | Found a sparkling altar of Nemelex Xobeh.
   333 | D:1      | Reached XP level 2. HP: 22/24 MP: 2/2
   688 | D:1      | Reached skill level 3 in Long Blades
   823 | D:2      | Reached XP level 3. HP: 19/29 MP: 3/3
   875 | D:2      | Found an opulent altar of Gozag.
   890 | D:2      | Became a worshipper of Gozag Ym Sagoz the Greedy
  1021 | D:2      | Found a faded altar of an unknown god.
  1029 | D:2      | Fell from the grace of Gozag
  1029 | D:2      | Became a worshipper of Jiyva Jibufaov the Shapeless
  1029 | D:2      | Reached * piety under Jiyva
  1052 | D:2      | Found a blossoming altar of Fedhas.
  1464 | D:3      | Reached skill level 4 in Long Blades
  1464 | D:3      | Reached XP level 4. HP: 35/35 MP: 4/4
  1499 | D:3      | Slain by an adder

Skill      XL: |  1  2  3 |
---------------+----------+-----
Long Blades    | 3 4 |  4.0
Fighting       | |  3.2
Armour         | |  3.2
Shields        | |  3.6

Action                   |  1- 3 |  4- 6 || total
-------------------------+-------+-------++-------
Melee: Long sword        |    86 |    17 ||   103
Throw: Stone             |     2 |       ||     2
  Use: Potion            |       |     1 ||     1
  Eat: Chunk             |     2 |       ||     2
Armor: Scale mail        |    54 |    13 ||    67
Dodge: Dodged            |    51 |    16 ||    67
       Rpst.: Long sword |    14 |     6 ||    20
